 Dungeon Crawl Stone Soup version 0.29.1-13-g9f3cf754e1 (webtiles) character file.

Game seed: 15645495216350302370

105 cheesebisquit the Digger (level 4, 0/24 HPs)
             Began as a Gargoyle Earth Elementalist on Feb 7, 2023.
             Slain by an orc priest
             ... wielding a +0 mace
              (7 damage)
             ... on level 4 of the Dungeon.
             The game lasted 00:05:34 (2829 turns).

cheesebisquit the Digger (GrEE)                     Turns: 2829, Time: 00:05:35

Health: 0/24       AC: 11    Str: 12    XL:     4   Next: 83%
Magic:  4/9        EV: 11    Int: 17    God:
Gold:   126        SH:  0    Dex: 10    Spells: 5/9 levels left

rFire   . . .      SeeInvis .   m - +0 flail
rCold   . . .      Faith    .   (no shield)
rNeg    + . .      Spirit   .   a - +0 robe
rPois   ∞          Reflect  .   (no helmet)
rElec   +          Harm     .   (no cloak)
rCorr   .          Rampage  .   n - +0 pair of gloves
Will    +....                   l - +0 pair of boots
Stlth   ++........              (no amulet)
HPRegen 0.08/turn               g - +4 ring of protection
MPRegen 0.11/turn               h - ring of willpower

@: no status effects
A: sickness immunity, AC +3, negative energy resistance 1, electricity
resistance, torment resistance 1, petrification resistance
a: no special abilities


You were on level 4 of the Dungeon.
You visited 1 branch of the dungeon, and saw 4 of its levels.

You collected 126 gold pieces.

Inventory:

Hand Weapons
 m - a +0 flail (weapon)
Missiles
 i - 6 atropa-tipped darts
Armour
 a - a +0 robe (worn)
 l - a +0 pair of boots (worn)
 n - a +0 pair of gloves (worn)
Jewellery
 g - a +4 ring of protection (left hand)
 h - a ring of willpower (right hand)
Scrolls
 d - 4 scrolls of identify {unknown}
 f - a scroll of brand weapon {unknown}
 j - 2 scrolls of poison {unknown}
 o - a scroll of fear {unknown}
 p - a scroll of enchant weapon {unknown}
Potions
 b - a potion of magic
 c - 3 potions of brilliance {unknown}
 e - 3 potions of curing {unknown}
 k - a potion of might {unknown}
 q - 2 potions of lignification {unknown}


   Skills:
 - Level 1.5 Dodging
 - Level 2.1 Stealth
 + Level 3.4 Spellcasting
 - Level 0.7 Transmutations
 + Level 5.2 Earth Magic


You had 5 spell levels left.
You knew the following spells:

 Your Spells              Type           Power      Damage    Failure   Level
a - Sandblast             Erth           40%        2d10      1%          1
b - Stone Arrow           Conj/Erth      22%        3d8       17%         3

Your spell library contained the following spells:

 Spells                   Type           Power      Damage    Failure   Level
 Passwall                 Tmut/Erth      10%        N/A       8%          2
 Summon Small Mammal      Summ           8%         N/A       17%         1
 Static Discharge         Conj/Air       2%         3-4/arc   26%         2
 Petrify                  Tmut/Erth      13%        N/A       43%         4
 Call Canine Familiar     Summ           2%         N/A       45%         3
 Summon Guardian Golem    Hex/Summ       2%         N/A       45%         3
 Dispel Undead            Necr           2%         3d7       86%         4
 Sticky Flame             Conj/Fire      2%         2d3       86%         4


Dungeon Overview and Level Annotations

Branches:
Dungeon (4/15)
 Temple: D:4-7

Altars:
Ashenzari


Innate Abilities, Weirdness & Mutations

You are immune to sickness and miasma.
Your stone body is resilient. (AC +3)
You are immune to poison.
You resist negative energy. (rN+)
You are resistant to electric shocks. (rElec)
You are resistant to unholy torment.
You are immune to petrification.


Message History

The blast of sand hits the orc priest but does no damage.
An orc comes into view. It is wielding a +1 whip of venom.
The orc priest invokes the aid of Beogh against you.
Pain shoots through your body!
The blast of sand hits the orc priest but does no damage.
The orc priest calls down the wrath of Beogh upon you.
You resist with some effort.
The orc priest mumbles some strange prayers to Beogh against you.
Beogh smites you!
Ouch! That really hurt!
* * * LOW HITPOINT WARNING * * *
You are too injured to fight recklessly!
You are too injured to fight recklessly!
Aiming: Sandblast (safe; 1% risk of failure)
Press: ? - help, Q - select action, (/) - cycle Shift-Dir - straight line, f/p - orc priest
Aim: an orc priest, wielding a +0 mace and wearing a +0 scale mail (85% to hit)
The blast of sand hits the orc priest.
The orc priest is heavily wounded.
Aiming: Sandblast (safe; 1% risk of failure)
Press: ? - help, Q - select action, (/) - cycle Shift-Dir - straight line, f/p - orc priest
Aim: an orc priest, wielding a +0 mace and wearing a +0 scale mail (heavily wounded, 85% to hit)
The blast of sand hits the orc priest.
The orc priest is heavily wounded.
The orc priest barely misses you.
The orc priest looks satisfied for a moment.
The orc priest mumbles some strange prayers to Beogh against you.
You resist with some effort.
Aiming: Sandblast (safe; 1% risk of failure)
Press: ? - help, Q - select action, (/) - cycle Shift-Dir - straight line, f/p - orc priest
Aim: an orc priest, wielding a +0 mace and wearing a +0 scale mail (heavily wounded, 85% to hit)
The blast of sand hits the orc priest but does no damage.
The orc priest is heavily wounded.
The orc priest closely misses you.
Aiming: Sandblast (safe; 1% risk of failure)
Press: ? - help, Q - select action, (/) - cycle Shift-Dir - straight line, f/p - orc priest
Aim: an orc priest, wielding a +0 mace and wearing a +0 scale mail (heavily wounded, 85% to hit)
The blast of sand hits the orc priest.
The orc priest is severely wounded.
The orc priest closely misses you. The orc priest hits you with a +0 mace!
You die...

#. ###. ...
####..##
.....?.#
#......#
#...######
#..oo@...#
.....#o####.#
#.# #o## #.#
#.# #.#
.o#######.##
...#........#
....
#.####.#.#
... #
####.#.# )..
#.#..>...#


You could see 2 orc priests and 3 orcs.

Vanquished Creatures
  A jelly (D:4)
  2 adders
  A dart slug (D:2)
  7 orcs (D:3)
  7 ball pythons
  4 bats
  2 endoplasms
  4 goblins
  6 hobgoblins
  2 jackals (D:3)
  7 frilled lizards
  3 kobolds
  5 rats
51 creatures vanquished.

Notes
Turn   | Place    | Note
-------+----------+-------------------------------------------
     0 | D:1      | cheesebisquit the Gargoyle Earth Elementalist began the
                  | quest for the Orb.
     0 | D:1      | Reached XP level 1. HP: 10/10 MP: 3/3
   646 | D:1      | Reached XP level 2. HP: 15/15 MP: 0/5
   665 | D:1      | Reached skill level 4 in Earth Magic
  1394 | D:2      | Reached XP level 3. HP: 19/19 MP: 3/6
  2378 | D:3      | Learned a level 3 spell: Stone Arrow
  2436 | D:3      | Reached XP level 4. HP: 23/24 MP: 6/8
  2534 | D:3      | Found a broken altar of Ashenzari.
  2681 | D:3      | Reached skill level 5 in Earth Magic
  2829 | D:4      | Slain by an orc priest

Illustrated notes

Levels and vault maps discovered:
D:1:      amcnicky_arrival_single_pillar, layout_basic, st_stairs_1
D:2:      layout_loops_ring, st_stairs_11, chequers_mini_garden,
          kennysheep_pointless_box, serial_park_tiny_2, minmay_tromino_i4
D:3:      layout_rooms, ashenzari_conservatory_becter
D:4:      layout_loops_cross, lemuel_crystal_altar,
          gammafunk_temple_overflow_wave, uniq_edmund

Skill      XL: |  1  2  3  4 |
---------------+-------------+-----
Earth Magic    | 4 5 |  5.2
Spellcasting   | 3 |  3.4
Dodging        | |  1.5
Stealth        | |  2.1
Transmutations | |  0.7

Action                   |  1- 3 |  4- 6 || total
-------------------------+-------+-------++-------
Melee: Unarmed           |    11 |       ||    11
       Club              |     3 |       ||     3
 Cast: Sandblast         |    47 |    19 ||    66
Armor: Robe              |    10 |     5 ||    15
Dodge: Dodged            |    14 |    10 ||    24
